[Event "42nd Olympiad Baku 2016 Open"]
[Site "Baku"]
[Date "2016.09.04"]
[Round "3.29"]
[White "Caruana, Fabiano"]
[Black "Peralta, Fernando"]
[Result "1-0"]
[ECO "C11"]
[WhiteElo "2808"]
[BlackElo "2590"]
[Annotator ""]
[PlyCount "83"]
[EventDate "2016.??.??"]
[EventCountry "AZE"]
[SourceTitle "playchess.com"]
[Source "ChessBase"]
[WhiteTeam "United States"]
[BlackTeam "Argentina"]
[WhiteTeamCountry "USA"]
[BlackTeamCountry "ARG"]
[TimeControl "40/5400+30:1800+30"]

1. e4 {(00:00)} e6 {(00:00)} 2. d4 {(00:00)} d5 {(
00:00)} 3. Nc3 {(00:00)} Nf6 {(00:00)} 4. e5 {(00:00)}
Nfd7 {(00:00)} 5. f4 {(00:00)} c5 {(00:00)} 6. Nf3 {
(00:00)} Be7 {(00:28)} 7. Be3 {(00:22)} b6 {(00:32]
} 8. Qd2 {(03:58)} Nc6 {(00:21)} 9. Nd1 {(01:35)} O-O {
(03:45)} 10. c3 {(04:19)} a5 {(09:29)} 11. Bb5 {(
08:50)} Ndb8 {(03:48)} 12. Ba4 {(19:30)} Ba6 {(06:31)} 13.
a3 {(01:07)} b5 {(32:58)} 14. Bc2 {(00:29)} Nd7 {(
00:50)} 15. h4 {(05:31)} cxd4 {(21:16)} 16. cxd4 {(00:28)}
f5 {(00:19)} 17. g4 {(14:21)} Nb6 {(05:00)} 18. Qg2 {
(00:35)} Qd7 {(01:17)} 19. Bc1 {(05:51)} b4 {(05:
22)} 20. gxf5 {(01:46)} exf5 {(00:20)} 21. Ne3 {(00:07)}
bxa3 {(01:03)} 22. bxa3 {(00:33)} Bd8 {(01:20)} 23. Rg1 {
(01:30)} Ra7 {(00:49)} 24. Qh3 {(02:36)} Ne7 {(00:
35)} 25. Qg2 {(11:53)} Nc6 {(04:05)} 26. Rb1 {(02:02)} Nc4
{(00:33)} 27. Nxc4 {(00:35)} Bxc4 {(00:22)} 28. Kf2 {
(00:35)} a4 {(01:37)} 29. Bd2 {(02:43)} Qe7 {(00:
53)} 30. Qh3 {(02:34)} Qxa3 {(00:38)} 31. Bxf5 {(02:56)}
Rxf5 {(00:47)} 32. Qxf5 {(00:09)} Qxf3+ {(00:03)} 33. Kxf3
{(00:05)} Nxd4+ {(00:02)} 34. Kg4 {(01:37)} Be2+ {(
01:23)} 35. Kh3 {(00:05)} Nxf5 {(00:04)} 36. Rb8 {(00:04)}
Kf7 {(00:48)} 37. Rxd8 {(00:05)} a3 {(00:27)} 38. e6+ {
(03:57)} Ke7 {(00:42)} 39. Rxd5 {(00:17)} a2 {(00:
31)} 40. Rxf5 {(00:00)} a1=Q {(00:00)} 41. Rxa1 {(01:31)}
Rxa1 {(00:32)} 42. Bb4+ {(00:06)} 1-0

[Event "42nd Olympiad Baku 2016 Open"]
[Site "Baku"]
[Date "2016.09.04"]
[Round "3.21"]
[White "Cordova, Emilio"]
[Black "Djukic, Nikola"]
[Result "1/2-1/2"]
[ECO "A40"]
[WhiteElo "2638"]
[BlackElo "2534"]
[Annotator ""]
[PlyCount "100"]
[EventDate "2016.??.??"]
[EventCountry "AZE"]
[SourceTitle "playchess.com"]
[Source "ChessBase"]
[WhiteTeam "Peru"]
[BlackTeam "Montenegro"]
[WhiteTeamCountry "PER"]
[BlackTeamCountry "MNE"]
[TimeControl "40/5400+30:1800+30"]

1. d4 {(00:00)} e6 {(00:00)} 2. Nf3 {(00:30)} Nf6 {
(00:00)} 3. g3 {(00:38)} d5 {(00:11)} 4. Bg2 {(00:
41)} Be7 {(00:06)} 5. c4 {(00:50)} O-O {(00:08)} 6. Qc2 {
(02:20)} c5 {(00:28)} 7. dxc5 {(00:24)} Qa5+ {(00:
06)} 8. Bd2 {(20:03)} Qxc5 {(00:27)} 9. Na3 {(02:17)} Nc6
{(10:43)} 10. O-O {(01:15)} dxc4 {(11:00)} 11. Qxc4 {
(04:29)} e5 {(11:09)} 12. Rac1 {(18:23)} Qb6 {(07:
05)} 13. Qa4 {(04:12)} e4 {(04:41)} 14. Ng5 {(11:20)} Nd4
{(11:51)} 15. Rfe1 {(00:06)} Bd7 {(07:07)} 16. Qa5 {
(02:48)} Qxa5 {(11:33)} 17. Bxa5 {(00:07)} Bxa3 {(
01:23)} 18. bxa3 {(00:03)} Bb5 {(00:15)} 19. Bf1 {(02:22)}
h6 {(03:30)} 20. Bc3 {(02:03)} Rfd8 {(11:13)} 21. e3 {
(02:08)} hxg5 {(01:11)} 22. Bxd4 {(02:07)} Bxf1 {(
01:35)} 23. Kxf1 {(00:09)} Nd5 {(00:05)} 24. g4 {(07:57)}
a6 {(01:50)} 25. Rc4 {(01:08)} Rac8 {(00:11)} 26. Rec1 {
(00:26)} Rxc4 {(00:04)} 27. Rxc4 {(00:05)} g6 {(00:
26)} 28. f3 {(02:39)} exf3 {(00:20)} 29. Kf2 {(04:18)} f5
{(00:17)} 30. Kxf3 {(00:08)} Kf7 {(00:10)} 31. Rc2 {
(04:13)} Ke6 {(00:25)} 32. a4 {(01:08)} Rd7 {(00:
56)} 33. Rc8 {(00:45)} Ne7 {(02:36)} 34. Rf8 {(00:30)} Nc6
{(00:24)} 35. Rf6+ {(02:19)} Ke7 {(00:08)} 36. Rxg6 {
(00:11)} Nxd4+ {(00:10)} 37. exd4 {(00:04)} Rxd4 {(
00:13)} 38. Rxg5 {(00:47)} fxg4+ {(00:27)} 39. Rxg4 {(00:
06)} Rd3+ {(00:17)} 40. Ke4 {(00:00)} Ra3 {(00:00)} 41.
Kf5 {(13:14)} Rxa2 {(01:39)} 42. h4 {(00:10)} b5 {(
05:07)} 43. axb5 {(00:11)} axb5 {(00:07)} 44. h5 {(00:09)}
Ra6 {(02:33)} 45. Rg7+ {(03:11)} Kf8 {(00:09)} 46. Rb7 {
(00:09)} b4 {(00:22)} 47. Kg5 {(00:56)} Kg8 {(00:
09)} 48. h6 {(00:17)} Ra5+ {(00:17)} 49. Kg6 {(00:09)}
Ra6+ {(00:04)} 50. Kg5 {(00:06)} Ra5+ {(00:03)} 1/2-1/2

[Event "42nd Olympiad Baku 2016 Open"]
[Site "Baku"]
[Date "2016.09.04"]
[Round "3.11"]
[White "Cubas, Jose Fernando"]
[Black "Stupak, Kirill"]
[Result "0-1"]
[ECO "C02"]
[WhiteElo "2470"]
[BlackElo "2561"]
[Annotator ""]
[PlyCount "56"]
[EventDate "2016.??.??"]
[EventCountry "AZE"]
[SourceTitle "playchess.com"]
[Source "ChessBase"]
[WhiteTeam "Paraguay"]
[BlackTeam "Belarus"]
[WhiteTeamCountry "PAR"]
[BlackTeamCountry "BLR"]
[TimeControl "40/5400+30:1800+30"]

1. e4 {(00:00)} e6 {(00:00)} 2. d4 {(00:00)} d5 {(
00:00)} 3. e5 {(00:15)} c5 {(00:00)} 4. c3 {(00:05)} Nc6 {
(00:00)} 5. Nf3 {(00:04)} Qb6 {(00:00)} 6. a3 {(01:
20)} f6 {(00:00)} 7. Bd3 {(06:08)} fxe5 {(00:00)} 8. Nxe5
{(00:22)} Nf6 {(00:00)} 9. O-O {(03:44)} Bd6 {(00:
02)} 10. Nf3 {(19:21)} O-O {(03:43)} 11. b4 {(00:13)} c4 {
(10:04)} 12. Bc2 {(00:34)} a5 {(00:01)} 13. bxa5 {(
02:12)} Qxa5 {(05:15)} 14. Re1 {(01:53)} Qc7 {(04:13)} 15.
a4 {(12:12)} e5 {(32:22)} 16. Na3 {(01:07)} e4 {(
11:54)} 17. Nb5 {(00:49)} Qb8 {(00:07)} 18. Nxd6 {(01:12)}
exf3 {(00:02)} 19. Bf4 {(18:27)} Nh5 {(11:54)} 20. Be5 {
(00:22)} Nxe5 {(00:35)} 21. dxe5 {(00:56)} Be6 {(
05:28)} 22. g3 {(02:00)} Qd8 {(02:04)} 23. Qd2 {(13:21)}
Nf4 {(04:57)} 24. gxf4 {(01:59)} Qh4 {(00:04)} 25. Kh1 {
(00:03)} Rxf4 {(00:06)} 26. Rg1 {(00:16)} Raf8 {(
00:06)} 27. Rg3 {(01:20)} Kh8 {(00:01)} 28. Rag1 {(00:53)}
Qxh2+ {(00:03)} 0-1

[Event "42nd Olympiad Baku 2016 Open"]
[Site "Baku"]
[Date "2016.09.04"]
[Round "3.23"]
[White "Damaso, Rui"]
[Black "Soares, Erikson Roberto Mau"]
[Result "1-0"]
[ECO "A06"]
[WhiteElo "2444"]
[BlackElo "2274"]
[Annotator ""]
[PlyCount "57"]
[EventDate "2016.??.??"]
[EventCountry "AZE"]
[SourceTitle "playchess.com"]
[Source "ChessBase"]
[WhiteTeam "Portugal"]
[BlackTeam "Angola"]
[WhiteTeamCountry "POR"]
[BlackTeamCountry "ANG"]
[TimeControl "40/5400+30:1800+30"]

1. Nf3 {(00:35)} d5 {(00:00)} 2. g3 {(00:11)} Nf6 {
(00:02)} 3. Bg2 {(00:06)} g6 {(00:11)} 4. b3 {(00:
47)} Bg7 {(00:14)} 5. Bb2 {(00:08)} c5 {(00:15)} 6. c4 {
(00:30)} O-O {(01:35)} 7. cxd5 {(00:42)} Qxd5 {(00:
15)} 8. Nc3 {(13:16)} Qf5 {(07:44)} 9. Rc1 {(01:49)} Na6 {
(15:18)} 10. d3 {(06:10)} Bh6 {(07:41)} 11. Rb1 {(
07:40)} Qe6 {(05:08)} 12. a3 {(13:14)} Bd7 {(11:55)} 13.
Ba1 {(00:52)} Bc6 {(01:47)} 14. b4 {(02:03)} cxb4 {
(17:12)} 15. axb4 {(00:20)} Rad8 {(01:09)} 16. b5 {
(02:44)} Bxf3 {(04:47)} 17. Bxf3 {(03:54)} Nc5 {(
00:04)} 18. O-O {(00:26)} Bg7 {(01:29)} 19. Na4 {(09:32)}
Nfe4 {(03:38)} 20. Bxg7 {(02:20)} Kxg7 {(05:38)} 21. Rb4 {
(04:32)} Nxa4 {(01:58)} 22. Rxe4 {(00:12)} Nc3 {(
01:14)} 23. Rxe6 {(04:19)} Nxd1 {(00:03)} 24. Rxe7 {(00:
08)} Nc3 {(00:10)} 25. Rxb7 {(00:05)} Rb8 {(00:16)} 26.
Rxa7 {(00:54)} Nxb5 {(00:15)} 27. Rd7 {(00:31)} Rfd8 {
(00:22)} 28. Rxd8 {(00:41)} Rxd8 {(00:02)} 29. Kg2 {
(00:10)} 1-0

[Event "42nd Olympiad Baku 2016 Open"]
[Site "Baku"]
[Date "2016.09.04"]
[Round "3.19"]
[White "Deac, Bogdan-Daniel"]
[Black "Tari, Aryan"]
[Result "1-0"]
[ECO "B18"]
[WhiteElo "2524"]
[BlackElo "2570"]
[Annotator ""]
[PlyCount "77"]
[EventDate "2016.??.??"]
[EventCountry "AZE"]
[SourceTitle "playchess.com"]
[Source "ChessBase"]
[WhiteTeam "Romania"]
[BlackTeam "Norway"]
[WhiteTeamCountry "ROU"]
[BlackTeamCountry "NOR"]
[TimeControl "40/5400+30:1800+30"]

1. e4 {(00:00)} c6 {(00:16)} 2. d4 {(00:00)} d5 {(
00:09)} 3. Nd2 {(00:00)} dxe4 {(00:07)} 4. Nxe4 {(00:00)}
Bf5 {(00:07)} 5. Ng3 {(00:09)} Bg6 {(00:01)} 6. h4 {
(00:18)} h6 {(00:07)} 7. Nf3 {(00:04)} e6 {(00:53)}
8. Ne5 {(03:00)} Bh7 {(01:06)} 9. Bd3 {(00:12)} Bxd3 {
(00:31)} 10. Qxd3 {(00:05)} Nd7 {(00:46)} 11. f4 {(
01:13)} c5 {(03:01)} 12. Be3 {(07:31)} Nxe5 {(01:32)} 13.
fxe5 {(00:55)} cxd4 {(00:11)} 14. Bxd4 {(00:07)} Ne7 {
(04:57)} 15. O-O-O {(02:39)} Qd5 {(01:11)} 16. Rhf1 {
(43:46)} Nc6 {(04:50)} 17. Bc3 {(01:11)} Qxd3 {(05:
52)} 18. Rxd3 {(00:12)} Be7 {(05:27)} 19. Ne4 {(04:43)}
O-O {(16:11)} 20. Rd7 {(05:51)} b5 {(01:48)} 21. Nd6 {
(00:50)} Bxh4 {(16:51)} 22. Nxb5 {(08:57)} Bg3 {(
01:24)} 23. Rf3 {(10:40)} Bxe5 {(12:25)} 24. Nxa7 {(00:26]
} Bxc3 {(01:09)} 25. Nxc6 {(00:14)} Bf6 {(00:17)} 26. a3 {
(04:34)} e5 {(00:40)} 27. b4 {(00:59)} e4 {(02:15)}
28. Rb3 {(00:08)} Bg5+ {(00:13)} 29. Kd1 {(01:07)} f5 {
(00:22)} 30. Nd4 {(04:01)} f4 {(04:08)} 31. b5 {(
01:03)} Bh4 {(13:48)} 32. b6 {(00:29)} g5 {(00:35)} 33. b7
{(00:14)} Rae8 {(00:00)} 34. Rb6 {(00:41)} f3 {(01:
12)} 35. gxf3 {(00:33)} exf3 {(02:10)} 36. Nxf3 {(00:14)}
Rxf3 {(00:54)} 37. b8=Q {(00:06)} Rf1+ {(00:30)} 38. Kd2 {
(00:07)} Rf2+ {(00:29)} 39. Kd3 {(00:06)} 1-0

[Event "42nd Olympiad Baku 2016 Open"]
[Site "Baku"]
[Date "2016.09.04"]
[Round "3.9"]
[White "Delgado Ramirez, Neuris"]
[Black "Zhigalko, Sergei"]
[Result "1/2-1/2"]
[ECO "B31"]
[WhiteElo "2618"]
[BlackElo "2652"]
[Annotator ""]
[PlyCount "62"]
[EventDate "2016.??.??"]
[EventCountry "AZE"]
[SourceTitle "playchess.com"]
[Source "ChessBase"]
[WhiteTeam "Paraguay"]
[BlackTeam "Belarus"]
[WhiteTeamCountry "PAR"]
[BlackTeamCountry "BLR"]
[TimeControl "40/5400+30:1800+30"]

1. e4 {(00:00)} c5 {(00:00)} 2. Nf3 {(00:00)} Nc6 {
(00:00)} 3. Bb5 {(00:10)} g6 {(00:00)} 4. Bxc6 {(
03:19)} bxc6 {(00:19)} 5. d4 {(01:32)} Bg7 {(07:50)} 6.
O-O {(05:48)} cxd4 {(04:10)} 7. Nxd4 {(00:16)} Qb6 {
(08:03)} 8. Be3 {(05:39)} c5 {(22:16)} 9. Nb3 {(01:
11)} d6 {(00:06)} 10. N1d2 {(01:27)} Ba6 {(08:09)} 11. c4
{(01:02)} Rd8 {(04:45)} 12. h3 {(04:36)} e6 {(12:
21)} 13. Qg4 {(08:58)} Ne7 {(02:16)} 14. Qh4 {(00:24)} h6
{(03:39)} 15. f4 {(00:37)} f5 {(04:51)} 16. e5 {(
19:50)} dxe5 {(00:03)} 17. fxe5 {(00:12)} Bxe5 {(00:07)}
18. Bxc5 {(00:23)} Qc7 {(00:51)} 19. Rae1 {(02:16)} Bd6 {
(05:11)} 20. Bxd6 {(16:11)} Rxd6 {(00:01)} 21. Qf6 {
(00:38)} Rf8 {(00:39)} 22. Qe5 {(00:08)} Nc6 {(05:
07)} 23. Qe3 {(00:23)} e5 {(03:45)} 24. Qxh6 {(00:08)} Qe7
{(00:16)} 25. Rf2 {(04:08)} g5 {(03:06)} 26. Qh5+ {
(00:24)} Kd8 {(00:01)} 27. Nc5 {(03:09)} Bc8 {(00:
13)} 28. Nf3 {(01:28)} Rg8 {(02:50)} 29. Rfe2 {(03:31)} e4
{(00:12)} 30. Nxe4 {(00:06)} fxe4 {(00:15)} 31. Rxe4 {
(00:06)} Qf6 {(01:39)} 1/2-1/2

[Event "42nd Olympiad Baku 2016 Open"]
[Site "Baku"]
[Date "2016.09.04"]
[Round "3.34"]
[White "Ding, Liren"]
[Black "Leitao, Rafael"]
[Result "1/2-1/2"]
[ECO "E11"]
[WhiteElo "2753"]
[BlackElo "2616"]
[Annotator ""]
[PlyCount "141"]
[EventDate "2016.??.??"]
[EventCountry "AZE"]
[SourceTitle "playchess.com"]
[Source "ChessBase"]
[WhiteTeam "China"]
[BlackTeam "Brazil"]
[WhiteTeamCountry "CHN"]
[BlackTeamCountry "BRA"]
[TimeControl "40/5400+30:1800+30"]

1. d4 {(00:00)} Nf6 {(00:00)} 2. c4 {(00:00)} e6 {(
00:00)} 3. Nf3 {(00:00)} Bb4+ {(00:00)} 4. Nbd2 {(00:02)}
O-O {(00:48)} 5. a3 {(00:04)} Be7 {(00:15)} 6. e4 {
(00:04)} d6 {(00:50)} 7. Be2 {(00:13)} c5 {(05:59)}
8. d5 {(09:20)} e5 {(06:25)} 9. O-O {(03:13)} Nbd7 {
(01:03)} 10. Ne1 {(07:13)} Ne8 {(02:15)} 11. Nd3 {(
12:20)} g6 {(08:39)} 12. b4 {(00:07)} b6 {(00:17)} 13. a4
{(00:20)} a5 {(02:51)} 14. bxa5 {(00:31)} bxa5 {(
04:39)} 15. Nb1 {(06:18)} Nc7 {(09:52)} 16. Nc3 {(02:56)}
Na6 {(09:03)} 17. f4 {(07:16)} exf4 {(01:52)} 18. Bxf4 {
(00:06)} Nb4 {(00:46)} 19. Nb5 {(00:05)} Ra6 {(03:
55)} 20. Bg4 {(05:45)} Bg5 {(20:29)} 21. Bxd6 {(11:20)}
Rxd6 {(01:02)} 22. Nxd6 {(00:07)} Nxd3 {(00:23)} 23. Qxd3
{(02:11)} Ne5 {(00:55)} 24. Qg3 {(00:03)} Qxd6 {(
05:36)} 25. Bxc8 {(00:12)} Bf6 {(00:30)} 26. Qf4 {(20:48)}
Bg7 {(03:29)} 27. Bg4 {(00:14)} Nxc4 {(00:30)} 28. e5 {
(00:09)} Nxe5 {(00:34)} 29. Be2 {(00:55)} Qxd5 {(
04:01)} 30. Rfd1 {(02:23)} Qe6 {(00:40)} 31. Rac1 {(00:14]
} Rc8 {(02:52)} 32. Bc4 {(00:19)} Qe7 {(02:48)} 33. Qe4 {
(03:45)} h5 {(01:08)} 34. Rf1 {(01:02)} Rc7 {(00:
39)} 35. Rce1 {(00:11)} Qd8 {(00:32)} 36. Rd1 {(00:50)}
Rd7 {(00:31)} 37. Rxd7 {(04:39)} Qxd7 {(00:04)} 38. Be2 {
(00:23)} Qc7 {(01:25)} 39. Bc4 {(01:33)} Qd7 {(00:
41)} 40. h3 {(00:00)} Kh7 {(00:00)} 41. Bb5 {(02:35)} Qd2
{(03:26)} 42. Kh1 {(04:11)} Qb4 {(17:33)} 43. Qxb4 {
(04:46)} cxb4 {(00:05)} 44. Kg1 {(00:04)} f5 {(03:
20)} 45. Kf2 {(01:18)} f4 {(00:46)} 46. Ke2 {(02:30)} g5 {
(00:14)} 47. h4 {(05:40)} Kh6 {(00:34)} 48. hxg5+ {
(02:25)} Kxg5 {(00:05)} 49. Rc1 {(00:34)} h4 {(01:
44)} 50. Bc6 {(02:12)} b3 {(04:06)} 51. Be4 {(00:38)} b2 {
(00:21)} 52. Rc5 {(00:10)} f3+ {(00:49)} 53. gxf3 {
(00:49)} Kf4 {(00:23)} 54. Rb5 {(04:39)} h3 {(01:
59)} 55. Rxb2 {(00:04)} Nxf3 {(01:09)} 56. Rb7 {(00:40)}
Kxe4 {(01:09)} 57. Rxg7 {(00:03)} Nd4+ {(00:22)} 58. Kf2 {
(00:09)} Kd3 {(01:49)} 59. Rh7 {(02:37)} Kc4 {(00:
36)} 60. Rh4 {(00:17)} h2 {(00:34)} 61. Ke3 {(00:19)} h1=Q
{(00:29)} 62. Rxh1 {(00:03)} Ne6 {(00:17)} 63. Rc1+ {
(05:09)} Kb4 {(00:14)} 64. Rb1+ {(00:04)} Kc4 {(01:
02)} 65. Rb5 {(00:55)} Nc5 {(00:12)} 66. Rxa5 {(00:04)}
Kb4 {(00:12)} 67. Rb5+ {(00:05)} Kc4 {(00:04)} 68. Ra5 {
(00:29)} Kb4 {(00:04)} 69. Ra8 {(00:04)} Nxa4 {(00:
08)} 70. Kd4 {(00:04)} Kb5 {(00:09)} 71. Rxa4 {(00:07)}
1/2-1/2

[Event "42nd Olympiad Baku 2016 Open"]
[Site "Baku"]
[Date "2016.09.04"]
[Round "3.15"]
[White "Dive, Russell John"]
[Black "Rasmussen, Allan Stig"]
[Result "1/2-1/2"]
[ECO "A04"]
[WhiteElo "2309"]
[BlackElo "2522"]
[Annotator ""]
[PlyCount "117"]
[EventDate "2016.??.??"]
[EventCountry "AZE"]
[SourceTitle "playchess.com"]
[Source "ChessBase"]
[WhiteTeam "New Zealand"]
[BlackTeam "Denmark"]
[WhiteTeamCountry "NZL"]
[BlackTeamCountry "DEN"]
[TimeControl "40/5400+30:1800+30"]

1. Nf3 {(00:00)} c5 {(00:14)} 2. c4 {(00:00)} Nf6 {
(00:21)} 3. Nc3 {(00:00)} b6 {(00:35)} 4. g3 {(00:
44)} Bb7 {(00:06)} 5. Bg2 {(00:05)} g6 {(02:01)} 6. O-O {
(00:07)} Bg7 {(00:05)} 7. d4 {(02:53)} cxd4 {(00:
19)} 8. Qxd4 {(00:01)} d6 {(00:24)} 9. b3 {(12:01)} O-O {
(01:37)} 10. Bb2 {(00:23)} Ne4 {(12:01)} 11. Qd3 {(
00:35)} Nd7 {(05:58)} 12. Rac1 {(09:33)} Rc8 {(07:18)} 13.
Ba1 {(15:49)} Ndc5 {(09:42)} 14. Qe3 {(02:53)} Nxc3 {
(06:32)} 15. Bxc3 {(00:08)} Rc7 {(04:24)} 16. Rfd1 {
(08:57)} Qb8 {(02:52)} 17. h4 {(06:15)} Bxc3 {(14:
15)} 18. Rxc3 {(00:23)} Ne4 {(00:29)} 19. Qh6 {(03:16)}
Rc5 {(03:09)} 20. Rcc1 {(07:13)} Rfc8 {(02:48)} 21. Ng5 {
(03:08)} Nxg5 {(07:30)} 22. hxg5 {(00:03)} R8c7 {(
01:50)} 23. Bxb7 {(14:46)} Rxb7 {(00:14)} 24. Rd4 {(02:37]
} Qf8 {(01:15)} 25. Qxf8+ {(00:53)} Kxf8 {(00:01)} 26. f4
{(00:42)} b5 {(02:36)} 27. Kf2 {(02:31)} Rbc7 {(05:
42)} 28. e4 {(00:12)} bxc4 {(01:37)} 29. Rdxc4 {(01:45)}
Rxc4 {(00:17)} 30. bxc4 {(00:35)} Rc5 {(01:27)} 31. Rc3 {
(03:29)} Ra5 {(01:32)} 32. a3 {(00:09)} Kg7 {(05:
43)} 33. Ke3 {(02:21)} h6 {(00:43)} 34. gxh6+ {(00:07)}
Kxh6 {(00:01)} 35. g4 {(01:07)} f6 {(01:07)} 36. Kd2 {
(00:54)} Kg7 {(00:40)} 37. Kc2 {(00:28)} Kf7 {(00:
26)} 38. f5 {(00:58)} Re5 {(00:29)} 39. Kd3 {(00:37)} Kg7
{(00:31)} 40. Ke3 {(00:00)} Kh6 {(00:00)} 41. Kf4 {
(02:29)} Rc5 {(01:45)} 42. Rh3+ {(01:32)} Kg7 {(00:
01)} 43. Rb3 {(04:43)} Rxc4 {(10:43)} 44. Rb7 {(00:13)}
Rc3 {(10:43)} 45. g5 {(06:30)} Kf7 {(02:43)} 46. fxg6+ {
(05:48)} Kxg6 {(00:08)} 47. Rxe7 {(00:46)} fxg5+ {(
00:55)} 48. Kg4 {(00:09)} Kf6 {(00:37)} 49. Rxa7 {(00:23)}
Re3 {(01:41)} 50. Ra4 {(02:05)} Rd3 {(00:58)} 51. Ra8 {
(03:56)} Re3 {(00:34)} 52. Ra4 {(00:09)} Ke5 {(01:
02)} 53. Kxg5 {(00:16)} Rxe4 {(00:31)} 54. Rxe4+ {(01:11)}
Kxe4 {(00:03)} 55. a4 {(00:10)} Kd4 {(00:20)} 56. Kf5 {
(00:43)} Kc5 {(00:05)} 57. a5 {(00:09)} Kb5 {(00:
04)} 58. Ke6 {(00:06)} Kxa5 {(00:03)} 59. Kxd6 1/2-1/2

[Event "42nd Olympiad Baku 2016 Open"]
[Site "Baku"]
[Date "2016.09.04"]
[Round "3.5"]
[White "Dominguez Perez, Leinier"]
[Black "Wojtaszek, Radoslaw"]
[Result "1/2-1/2"]
[ECO "D38"]
[WhiteElo "2720"]
[BlackElo "2736"]
[Annotator ""]
[PlyCount "86"]
[EventDate "2016.??.??"]
[EventCountry "AZE"]
[SourceTitle "playchess.com"]
[Source "ChessBase"]
[WhiteTeam "Cuba"]
[BlackTeam "Poland"]
[WhiteTeamCountry "CUB"]
[BlackTeamCountry "POL"]
[TimeControl "40/5400+30:1800+30"]

1. d4 {(00:00)} Nf6 {(00:00)} 2. Nf3 {(00:12)} d5 {
(00:00)} 3. c4 {(00:19)} e6 {(00:00)} 4. Nc3 {(00:
09)} Bb4 {(00:00)} 5. Bg5 {(00:13)} h6 {(00:06)} 6. Bxf6 {
(00:40)} Qxf6 {(00:06)} 7. Qb3 {(00:30)} c5 {(02:
14)} 8. cxd5 {(00:17)} exd5 {(00:21)} 9. a3 {(00:05)}
Bxc3+ {(00:43)} 10. Qxc3 {(00:07)} b6 {(01:30)} 11. e3 {
(00:39)} Nd7 {(01:44)} 12. Be2 {(03:42)} O-O {(01:
55)} 13. O-O {(00:14)} Bb7 {(00:40)} 14. a4 {(03:32)} a5 {
(09:01)} 15. b3 {(21:12)} Rfc8 {(06:31)} 16. Rac1 {
(03:20)} Rc7 {(12:31)} 17. Rc2 {(11:39)} Rac8 {(02:
08)} 18. Rfc1 {(00:28)} Qd6 {(11:25)} 19. h3 {(17:23)} Nf8
{(03:04)} 20. Qb2 {(09:47)} Ne6 {(02:33)} 21. Bd3 {
(00:12)} cxd4 {(01:56)} 22. Rxc7 {(02:39)} Rxc7 {(
00:05)} 23. Rxc7 {(00:04)} Qxc7 {(00:11)} 24. Nxd4 {(00:
06)} Qe5 {(01:26)} 25. Qc3 {(03:10)} Nxd4 {(00:07)} 26.
exd4 {(00:09)} Qb8 {(06:15)} 27. h4 {(05:30)} h5 {(
04:34)} 28. Qe1 {(05:44)} Kf8 {(06:57)} 29. Qe3 {(05:41)}
Qd6 {(02:20)} 30. Be2 {(05:17)} g6 {(00:37)} 31. Bf3 {
(00:42)} Qe7 {(05:06)} 32. Qxe7+ {(01:10)} Kxe7 {(
00:06)} 33. Kf1 {(00:30)} Kd6 {(03:11)} 34. Ke2 {(01:03)}
Bc8 {(00:17)} 35. Ke3 {(00:01)} Bf5 {(00:08)} 36. Bd1 {
(00:01)} f6 {(00:59)} 37. Kf4 {(00:12)} Bb1 {(00:
26)} 38. g3 {(00:21)} Ke6 {(00:53)} 39. g4 {(01:44)} hxg4
{(00:17)} 40. Bxg4+ {(00:00)} Kd6 {(00:00)} 41. Bd1 {
(00:09)} Ke6 {(00:33)} 42. Bg4+ {(00:38)} Kd6 {(00:
08)} 43. Bd1 {(00:05)} Ke6 {(00:03)} 1/2-1/2

[Event "42nd Olympiad Baku 2016 Open"]
[Site "Baku"]
[Date "2016.09.04"]
[Round "3.24"]
[White "Draskovic, Luka"]
[Black "Fernandez, Fernando"]
[Result "1-0"]
[ECO "A37"]
[WhiteElo "2448"]
[BlackElo "2410"]
[Annotator ""]
[PlyCount "67"]
[EventDate "2016.??.??"]
[EventCountry "AZE"]
[SourceTitle "playchess.com"]
[Source "ChessBase"]
[WhiteTeam "Montenegro"]
[BlackTeam "Peru"]
[WhiteTeamCountry "MNE"]
[BlackTeamCountry "PER"]
[TimeControl "40/5400+30:1800+30"]

1. c4 {(00:00)} c5 {(00:00)} 2. Nc3 {(00:00)} Nc6 {
(00:00)} 3. Nf3 {(00:26)} g6 {(00:03)} 4. g3 {(01:
03)} Bg7 {(00:04)} 5. Bg2 {(00:28)} e5 {(00:32)} 6. a3 {
(01:07)} Nge7 {(00:28)} 7. b4 {(01:46)} d5 {(02:48]
} 8. cxd5 {(00:06)} Nxd5 {(00:07)} 9. Ng5 {(01:37)} Nc7 {
(01:30)} 10. d3 {(02:36)} e4 {(22:01)} 11. Ngxe4 {(
13:32)} f5 {(00:54)} 12. Bg5 {(00:25)} Bxc3+ {(01:26)} 13.
Kf1 {(00:02)} Qd4 {(03:33)} 14. Bf6 {(26:10)} fxe4 {
(15:24)} 15. Bxd4 {(00:16)} Bxd4 {(00:04)} 16. e3 {
(10:05)} Bxa1 {(10:50)} 17. Qxa1 {(00:05)} O-O {(
00:09)} 18. Bxe4 {(00:29)} Bh3+ {(01:12)} 19. Ke2 {(02:30]
} Bg4+ {(14:04)} 20. f3 {(01:41)} Bf5 {(00:12)} 21. bxc5 {
(03:06)} Rf7 {(09:53)} 22. Rb1 {(06:14)} Bxe4 {(00:
39)} 23. dxe4 {(01:10)} Ne6 {(00:16)} 24. Qc3 {(02:17)}
Rc8 {(03:39)} 25. f4 {(05:02)} b6 {(00:35)} 26. Rd1 {
(07:25)} Nxc5 {(00:50)} 27. Qc4 {(00:44)} Kg7 {(07:
58)} 28. Rd6 {(01:02)} Rcc7 {(01:36)} 29. Qd5 {(01:56)}
Ne7 {(02:08)} 30. Qe5+ {(01:27)} Kh6 {(00:03)} 31. g4 {
(01:54)} Nc8 {(00:06)} 32. Rd8 {(04:11)} Rc6 {(01:
11)} 33. Rg8 {(00:31)} Ne6 {(00:32)} 34. h4 {(00:38)} 1-0